 Dungeon Crawl Stone Soup version 0.22-a0-192-g6ffc940 (webtiles) character file.

40741 Amnesiac the Geomancer (level 13, -1/86 HPs)
             Began as a Mummy Earth Elementalist on Feb 16, 2018.
             Was a High Priest of Ashenzari.
             Slain by a fire elemental (9 damage)
             ... led by Azrael
             ... on level 14 of the Dungeon on Feb 17, 2018.
             The game lasted 00:56:49 (21291 turns).

Amnesiac the Geomancer (Mummy Earth Elementalist)  Turns: 21291, Time: 00:56:49

Health: -1/86      AC: 13    Str: 15    XL:     13   Next: 76%
Magic:  1/30       EV: 12    Int: 28    God:    Ashenzari [*****.]
Gold:   497        SH:  8    Dex: 12    Spells: 21/39 levels left

rFire    . . .     SeeInvis +   a - +2 dagger (drain)
rCold    x . .     Gourm    .   h - +3 buckler
rNeg     + + +     Faith    +   s - +3 leather armour "Kuzegyf Diqu" {rElec rC- Str+4 Int+8}
rPois    ∞         Spirit   .   D - +2 helmet
rElec    +         Reflect  .   (no cloak)
rCorr    .         Harm     .   (no gloves)
MR       +....     Clarity  +   f - +2 pair of boots
Stlth    +++.......             z - amulet of faith (curse)
HPRegen  0.24/turn              m - ring of fire
MPRegen  0.22/turn              A - +1 ring of protection (curse)

@: very slightly contaminated
A: no food or potions, fire vulnerability, cold resistance 1, negative energy
resistance 3, torment resistance, unbreathing, in touch with death 1
a: Curse Item, Scrying, Transfer Knowledge, Renounce Religion


You were on level 14 of the Dungeon.
You worshipped Ashenzari.
Ashenzari was extremely pleased with you.
You were not hungry.

You visited 1 branch of the dungeon, and saw 15 of its levels.
You also visited: Ossuary.

You collected 1056 gold pieces.
You spent 559 gold pieces at shops.

Inventory:

Hand Weapons
 a - a +2 dagger of draining (weapon)
 b - a +0 blowgun
 H - a +2 vampiric dagger
Missiles
 q - 144 stones (quivered)
 v - 30 poisoned needles
 y - 10 needles of sleeping
 J - 3 needles of frenzy
 P - 7 curare-tipped needles
Armour
 f - a +2 pair of boots (worn)
 h - a +3 buckler (worn)
 s - the +3 leather armour "Kuzegyf Diqu" (worn) {rElec rC- Str+4 Int+8}
   (You found it on level 6 of the Dungeon)

   It affects your strength (+4).
   It affects your intelligence (+8).
   It makes you vulnerable to cold.
   It insulates you from electricity.
 D - a +2 helmet (worn)
 F - a +0 robe of fire resistance
 M - the +2 shield of Jueq {rF- Dex+3 SInv}
   (You took it off an orc on level 13 of the Dungeon)

   It affects your dexterity (+3).
   It makes you vulnerable to fire.
   It lets you see invisible.
Jewellery
 m - a ring of fire (left hand)
 u - an uncursed ring of poison resistance
 z - a cursed amulet of faith (around neck)
 A - a cursed +1 ring of protection (right hand)
 G - a +3 ring of intelligence
Wands
 k - a wand of random effects (34)
 n - a wand of paralysis (25)
 t - a wand of scattershot (5)
 x - a wand of digging (8)
 B - a wand of flame (23)
 C - a wand of enslavement (7)
Scrolls
 c - 2 scrolls of enchant armour {!r}
 e - 2 scrolls of silence {!r}
 g - 2 scrolls of blinking {!r}
 i - 3 scrolls of fog {!r}
 j - 6 scrolls of magic mapping {!r}
 l - 4 scrolls of amnesia {!r}
 o - a scroll of fear {!r}
 r - 4 scrolls of teleportation {!r}
 w - 6 scrolls of remove curse {!r}
 E - a scroll of acquirement {!r}
 I - a scroll of torment {!r}
 K - a scroll of enchant weapon {!r}
 L - 2 scrolls of identify {!r}
 N - 2 scrolls of noise {!r}
Books
 d - a book of Flames

   Spells                             Type                      Level
   a - Flame Tongue                   Conjuration/Fire             1
   b - Throw Flame                    Conjuration/Fire             2
   c - Conjure Flame                  Conjuration/Fire             3
   d - Inner Flame                    Hexes/Fire                   3
   e - Sticky Flame                   Conjuration/Fire             4
   f - Fireball                       Conjuration/Fire             5
Miscellaneous
 p - a lightning rod (4/4)


   Skills:
 + Level 3.0 Fighting
 - Level 8.0 Short Blades
 * Level 2.0 Dodging
 - Level 5.0 Stealth
 - Level 4.0 Shields
 - Level 13.5 Spellcasting
 - Level 5.0(7.6) Transmutations
 - Level 13.5(15.8) Earth Magic
 - Level 1.1(2.7) Evocations


You had 21 spell levels left.
You knew the following spells:

 Your Spells              Type           Power        Failure   Level  Hunger
a - Sandblast             Erth           ######       0%          1    N/A
b - Passwall              Tmut/Erth      ######....   1%          2    N/A
c - Stone Arrow           Conj/Erth      ######       1%          3    N/A
d - Lee's Rapid Deconstr  Erth           #######...   1%          5    N/A
e - Petrify               Tmut/Erth      ######..     1%          4    N/A
s - Conjure Flame         Conj/Fire      ####....     9%          3    N/A

Dungeon Overview and Level Annotations

Branches:
Dungeon (15/15)            Temple (0/1) D:6            Lair (0/6) D:11
    Orc (0/2) D:10         Vaults (0/5) D:14
 Depths: D:15

Altars:
Ashenzari
Dithmenos
Elyvilon
Gozag
Nemelex Xobeh
Okawaru
Qazlal
Ru
Vehumet
Xom
Yredelemnul
Zin

Shops:
D:3 *   D:8 =   D:14 *

Annotations:
D:8 2 exclusions


Innate Abilities, Weirdness & Mutations

You do not eat or drink.
Your flesh is vulnerable to fire.
You are immune to poison.
Your flesh is cold resistant. (rC+)
You are immune to negative energy. (rN+++)
You are immune to unholy pain and torment.
You can survive without breathing.
You are in touch with the powers of death.


Message History

The fire elemental hits you. The fire elemental burns you!
* * * LOW HITPOINT WARNING * * *
The fire elemental hits you. The fire elemental burns you!
* * * LOW HITPOINT WARNING * * *
Unknown command.
You block the fire elemental's attack. The fire elemental hits you.
The fire elemental burns you!
* * * LOW HITPOINT WARNING * * *
You block the hell hound's attack.
Your surroundings seem slightly different.
The fire elemental hits you. The fire elemental burns you!
* * * LOW HITPOINT WARNING * * *
Really read
g - 3 scrolls of blinking {!r}?
Blink to where?
Press: ? - help, Dir - move target cursor, p - hell hound You are very lightly contaminated with residual magic.
As you read the scroll of blinking {!r}, it crumbles to dust.
Casting: Petrify (safe; 1% risk of failure)
Confirm with . or Enter, or press ? or * to list all spells.
Aiming: Lee's Rapid Deconstruction (safe; 1% risk of failure)
Press: ? - help, Dir - move target cursor, f - hell hound Fragment what (e.g. wall or brittle monster)?: a hell hound (slowly petrifying)
The hell hound shatters!
The hell hound is severely wounded.
The blast of petrified fragments hits the fire elemental.
The fire elemental is severely damaged.
Unknown command.
Casting: Lee's Rapid Deconstruction (safe; 1% risk of failure)
Confirm with . or Enter, or press ? or * to list all spells.
Aiming: Lee's Rapid Deconstruction (safe; 1% risk of failure)
Press: ? - help, Dir - move target cursor, f/p - hell hound Fragment what (e.g. wall or brittle monster)?: a hell hound (severely wounded, slowly petrifying)
The hell hound shatters!
You blow up the hell hound!
The blast of petrified fragments hits the fire elemental.
You destroy the fire elemental!
The blast of petrified fragments hits the fire elemental.
You destroy the fire elemental!
Your Fighting skill increases to level 3!
Your Dodging skill increases to level 2!
Unknown command.
Casting: Lee's Rapid Deconstruction (safe; 1% risk of failure)
Confirm with . or Enter, or press ? or * to list all spells.
Aiming: Lee's Rapid Deconstruction (safe; 1% risk of failure)
Press: ? - help, Dir - move target cursor The wall shatters!
The blast of rock fragments hits the fire elemental.
The fire elemental is severely damaged.
Unknown command.
Casting: Lee's Rapid Deconstruction (safe; 1% risk of failure)
Confirm with . or Enter, or press ? or * to list all spells.
You don't have enough magic to cast that spell.
Unknown command.
Casting: Lee's Rapid Deconstruction (safe; 1% risk of failure)
Confirm with . or Enter, or press ? or * to list all spells.
Okay, then.
Casting: Lee's Rapid Deconstruction (safe; 1% risk of failure)
Confirm with . or Enter, or press ? or * to list all spells.
Aiming: Stone Arrow (safe; 1% risk of failure)
Press: ? - help, Shift-Dir - straight line, f - fire elemental
Aim: a fire elemental (severely damaged)
You miscast Stone Arrow.
You feel earthy. The fire elemental hits you. The fire elemental burns you!
You die...

##...........%.............
##............%.............
##..........................#
##................§.........##
##................§...........#
##................§#............
##................§###...........
#................E..#............
................@.........###....
..........................# #....
..........................###....
.............[...................
..........................)......
.........[.......................
.................................
.................................
.............))#....###..........


You could see a fire elemental.

Vanquished Creatures
  Rupert (D:13)
  Azrael (D:14)
  Josephine (D:13)
  A fire dragon (D:13)
  7 vault guards (D:14)
  3 hydras
  4 two-headed ogres
  3 death yaks (D:11)
  Sonja (D:14)
  4 unseen horrors
  Pikel (D:6)
  A deep elf mage (D:11)
  2 cyclopes
  4 ugly things
  3 manticores
  A kobold demonologist (D:12)
  A meliai (shapeshifter) (D:7)
  4 trolls
  4 slime creatures (D:12)
  A hornet (D:6)
  3 hippogriffs
  2 shadows
  Sigmund (D:2)
  7 wraiths
  2 vampires
  16 yaks
  4 fire elementals
  A steam dragon (D:12)
  2 hungry ghosts
  Edmund (D:6)
  2 acid dragons
  2 water moccasins
  3 hell hounds (D:14)
  Duvessa (D:6)
  A hornet zombie (D:5)
  10 orc warriors
  7 sky beasts
  6 phantoms
  4 ice beasts
  4 slaves
  2 black bears
  7 ogres
  10 centaurs
  A crocodile (D:10)
  4 big kobolds
  9 bullfrogs
  A wyvern zombie (D:8)
  Dowan (D:6)
  2 scorpions
  9 killer bees
  9 wights
  3 howler monkeys
  2 bullfrog zombies
  3 centaur zombies
  6 crimson imps
  2 quasits
  A wyvern simulacrum (D:14)
  5 centaur skeletons
  11 orc priests
  2 hounds
  9 jellies
  14 orc wizards
  3 bullfrog skeletons
  Ijyb (D:1)
  Natasha (D:2)
  Terence (D:3)
  2 iguanas
  9 worker ants
  A big kobold zombie (Ossuary)
  A hound zombie (D:6)
  3 hound skeletons
  8 mummies (Ossuary)
  A howler monkey zombie (D:9)
  4 gnolls (D:3)
  15 adders
  2 howler monkey skeletons
  A shadow imp (D:8)
  An ooze (shapeshifter) (D:7)
  5 oozes (D:9)
  3 adder zombies
  2 worms (D:2)
  4 leopard geckos
  70 orcs
  A ball python (D:6)
  6 bats
  5 giant cockroaches
  11 hobgoblins
  8 jackals
  8 quokkas
  4 frilled lizards
  A giant cockroach zombie (D:5)
  A gnoll zombie (Ossuary)
  2 hobgoblin zombies (Ossuary)
  A jackal zombie (D:6)
  17 kobolds
  3 kobold zombies (Ossuary)
  A leopard gecko skeleton (D:6)
  An orc zombie (Ossuary)
  2 quokka skeletons (D:5)
  2 quokka zombies
  5 rats
457 creatures vanquished.

Vanquished Creatures (others)
  2 orcs
2 creatures vanquished.

Grand Total: 459 creatures vanquished

Notes
Turn   | Place    | Note
-------+----------+-------------------------------------------
     0 | D:1      | Amnesiac the Mummy Earth Elementalist began the quest for the Orb.
     0 | D:1      | Reached XP level 1. HP: 13/13 MP: 4/4
   411 | D:1      | Reached XP level 2. HP: 18/19 MP: 2/5
   432 | D:1      | Learned a level 2 spell: Passwall
  1117 | D:2      | Reached skill level 1 in Shields
  1226 | D:2      | Found a sacrificial altar of Ru.
  1315 | D:2      | Reached XP level 3. HP: 24/24 MP: 3/7
  1469 | D:2      | Noticed Natasha
  1479 | D:2      | Killed Natasha
  1479 | D:2      | Reached skill level 1 in Transmutations
  1519 | D:2      | Found a shattered altar of Ashenzari.
  1519 | D:2      | Noticed Sigmund
  1540 | D:2      | Became a worshipper of Ashenzari the Shackled
  1584 | D:1      | Reached XP level 4. HP: 3/30 MP: 2/8
  1855 | D:2      | Killed Sigmund
  1855 | D:2      | Reached XP level 5. HP: 29/35 MP: 0/11
  2181 | D:3      | Found an opulent altar of Gozag.
  2276 | D:3      | Found Zin's Purification Station.
  2279 | D:3      | Found a glowing silver altar of Zin.
  2294 | D:3      | Reached skill level 1 in Short Blades
  2309 | D:3      | Learned a level 4 spell: Petrify
  2328 | D:3      | Learned a level 5 spell: Lee's Rapid Deconstruction
  2439 | D:3      | Reached XP level 6. HP: 41/41 MP: 9/12
  2529 | D:3      | Found a shadowy altar of Dithmenos.
  2539 | D:3      | Noticed Ijyb
  2604 | D:1      | Killed Ijyb
  2957 | D:3      | Noticed Terence
  2992 | D:3      | Killed Terence
  3174 | D:4      | Found a white marble altar of Elyvilon.
  3197 | D:4      | Found a sand-covered staircase.
  3204 | Ossuary  | Entered an ossuary
  3941 | Ossuary  | Reached XP level 7. HP: 46/46 MP: 1/13
  5094 | D:4      | Reached * piety under Ashenzari
  5709 | D:5      | Entered Level 5 of the Dungeon
  5988 | D:5      | Found a basalt altar of Yredelemnul.
  6507 | D:5      | Reached XP level 8. HP: 52/52 MP: 6/14
  6766 | D:5      | Learned a level 3 spell: Stone Arrow
  7095 | D:5      | Reached skill level 5 in Earth Magic
  7270 | D:5      | Reached skill level 5 in Transmutations
  7522 | D:5      | Reached skill level 5 in Spellcasting
  7800 | D:6      | Noticed Edmund
  7817 | D:6      | Killed Edmund
  7971 | D:6      | Reached skill level 1 in Evocations
  8637 | D:6      | Reached XP level 9. HP: 57/57 MP: 11/18
  8798 | D:6      | Noticed Duvessa
  9102 | D:6      | Noticed Dowan
  9105 | D:6      | Killed Duvessa
  9180 | D:6      | Killed Dowan
  9282 | D:6      | Noticed Pikel
  9672 | D:6      | Found a staircase to the Ecumenical Temple.
 10005 | D:6      | Killed Pikel
 10179 | D:6      | Got the uncursed leather armour "Kuzegyf Diqu" {rElec rC- Str+4 Int+8}
 10561 | D:7      | Identified the +3 leather armour "Kuzegyf Diqu" {rElec rC- Str+4 Int+8} (You found it on level 6 of the Dungeon)
 10588 | D:7      | Found a white marble altar of Elyvilon.
 10677 | D:7      | Reached ** piety under Ashenzari
 10687 | D:7      | Reached XP level 10. HP: 55/63 MP: 19/22
 10759 | D:7      | Found a shimmering altar of Xom.
 10759 | D:7      | Found a shimmering altar of Xom.
 10759 | D:7      | Found a shimmering altar of Xom.
 10759 | D:7      | Found a shimmering altar of Xom.
 10759 | D:7      | Found a shimmering altar of Xom.
 10760 | D:7      | Found a shimmering altar of Xom.
 10770 | D:7      | Found a shimmering altar of Xom.
 10770 | D:7      | Found a shimmering altar of Xom.
 10910 | D:7      | Found a shimmering altar of Xom.
 11414 | D:7      | Found an iron altar of Okawaru.
 11968 | D:8      | Noticed a two-headed ogre
 12176 | D:8      | Noticed a two-headed ogre
 12376 | D:8      | Noticed a two-headed ogre
 12392 | D:8      | Killed a two-headed ogre
 12596 | D:8      | Found Folluill's Jewellery Emporium.
 12600 | D:8      | Bought an uncursed amulet of faith for 520 gold pieces
 12602 | D:8      | Bought a +1 ring of protection for 39 gold pieces
 12882 | D:8      | Killed a two-headed ogre
 13085 | D:8      | Killed a two-headed ogre
 13085 | D:8      | Reached XP level 11. HP: 68/68 MP: 24/24
 13284 | D:9      | Reached *** piety under Ashenzari
 13299 | D:9      | Reached skill level 5 in Short Blades
 13708 | D:9      | Found a radiant altar of Vehumet.
 14126 | D:9      | Found a sparkling altar of Nemelex Xobeh.
 14354 | D:9      | Reached skill level 5 in Stealth
 14408 | D:10     | Entered Level 10 of the Dungeon
 14653 | D:10     | Reached skill level 10 in Earth Magic
 14720 | D:10     | Noticed a two-headed ogre
 14723 | D:10     | Killed a two-headed ogre
 14723 | D:10     | Reached skill level 10 in Spellcasting
 15199 | D:10     | Found a staircase to the Orcish Mines.
 15328 | D:11     | Reached **** piety under Ashenzari
 15648 | D:11     | Noticed a death yak
 15649 | D:11     | Noticed a death yak
 15649 | D:11     | Learned a level 3 spell: Conjure Flame
 15661 | D:11     | Killed a death yak
 15665 | D:11     | Noticed a death yak
 15665 | D:11     | Killed a death yak
 15682 | D:11     | Killed a death yak
 15980 | D:11     | Found a stormy altar of Qazlal.
 16063 | D:11     | Reached XP level 12. HP: 74/74 MP: 17/27
 16348 | D:11     | Found a staircase to the Lair.
 17874 | D:12     | Noticed a four-headed hydra
 17882 | D:12     | Killed a four-headed hydra
 18458 | D:13     | Reached ***** piety under Ashenzari
 18467 | D:13     | Noticed Josephine
 18476 | D:13     | Killed Josephine
 18691 | D:13     | Identified a scroll of acquirement {!r}
 19172 | D:13     | Noticed a fire dragon
 19305 | D:13     | Killed a fire dragon
 19305 | D:13     | Gained mutation: You are in touch with the powers of death. [Mummy growth]
 19305 | D:13     | Reached XP level 13. HP: 58/79 MP: 22/29
 19510 | D:14     | Identified a paperback manual
 19512 | D:14     | Noticed Rupert
 19788 | D:14     | Noticed Azrael
 19796 | D:13     | Got the uncursed shield of Jueq {rF- Dex+3 SInv}
 19885 | D:14     | Found Jalol's General Store.
 19971 | D:14     | Noticed Sonja
 20301 | D:14     | Got the hand crossbow of Glory {speed, +Blink Str-2 SInv}
 20302 | D:14     | Identified the +11 hand crossbow of Glory {speed, +Blink Str-2 SInv} (You found it on level 14 of the Dungeon)
 20334 | D:14     | Killed Sonja
 20607 | D:13     | Identified the +2 shield of Jueq {rF- Dex+3 SInv} (You took it off an orc on level 13 of the Dungeon)
 20687 | D:13     | Killed Rupert
 21024 | D:14     | Found a gate to the Vaults.
 21079 | D:15     | Entered Level 15 of the Dungeon
 21104 | D:15     | Reached skill level 1 in Fighting
 21274 | D:14     | Killed Azrael
 21291 | D:14     | Slain by a fire elemental

Vault maps used:
D:1:      nzn_arrival_settlement, columned_hall_lemuel
D:2:      old_standard_altar, evilmike_ruin_ashenzari, first_ration,
          minivault_4, uniq_sigmund, uniq_natasha
D:3:      zin_purify, nicolae_dithmenos_shadow_blocks, grunt_gozag_statues,
          uniq_ijyb, uniq_terence
D:4:      nicolae_ossuary_entry_ruins, elyvilon_altar_5
D:5:      kennysheep_six_static_rooms, old_standard_altar, kennysheep_doodads,
          serial_bayou_pond_c
D:6:      minmay_temple_entry_purple_smoke, st_stairs_11, uniq_duvessa,
          uniq_edmund, uniq_pikel
D:7:      kennysheep_little_box, okawaru_gym_becter, xom_shifter_show
D:8:      kennysheep_windowed_halls, serial_shops, shop_statue,
          minmay_tree_intersection
D:9:      nemelex_xobeh_ov_fountains_minmay, vehumet_crystals,
          hangedman_little_slice_of_home
D:10:     hiddenorc1_lemuel
D:11:     dpeg_lair_monsters, nicolae_qazlal_general_emergency
D:12:     st_stairs_8
D:13:     minmay_cornered_nines, minmay_door_square, hangedman_decor_lopped,
          minivault_5, uniq_josephine
D:14:     erik_vaults_2, serial_shops, shop, uniq_rupert, uniq_azrael,
          uniq_sonja
D:15:     hangedman_depths_entry_try_elsewhere_first, basic_altar,
          minmay_misc_feat_doors, uniq_nessos
Ossuary:  ossuary_tomb_3

Skill      XL: |  1  2  3  4  5  6  7  8  9 10 11 12 13 |
---------------+----------------------------------------+-----
Spellcasting   | 3 4 6 8 9 11 12 13 | 13.5
Shields        | 1 3 4 |  4.0
Earth Magic    | 3 4 6 8 9 11 12 13 | 13.5
Transmutations | 2 3 4 5 |  5.0
Short Blades   | 1 2 4 5 7 8 |  8.0
Stealth        | 2 3 5 |  5.0
Evocations     | 1 |  1.1
Fighting       | 3 |  3.0
Dodging        | 2 |  2.0

Action                   |  1- 3 |  4- 6 |  7- 9 | 10-12 | 13-15 || total
-------------------------+-------+-------+-------+-------+-------++-------
Melee: Unarmed           |    19 |       |       |       |       ||    19
       Dagger            |    22 |    63 |   434 |   546 |   127 ||  1192
Throw: Stone             |       |       |       |     1 |       ||     1
 Cast: Sandblast         |    44 |    96 |    63 |   121 |     9 ||   333
       Passwall          |     1 |     2 |    13 |    17 |     1 ||    34
       Petrify           |       |     6 |   102 |   117 |    48 ||   273
       Lee's Rapid Decon |       |     1 |     2 |    56 |    15 ||    74
       Stone Arrow       |       |       |    10 |     5 |       ||    15
       Conjure Flame     |       |       |       |     6 |       ||     6
Invok: Curse Item        |       |       |       |     2 |       ||     2
Evoke: Lightning rod     |       |       |       |     3 |       ||     3
  Use: Scroll            |     2 |     1 |     8 |     4 |     4 ||    19
 Stab: Sleeping          |     1 |     4 |     5 |    15 |     2 ||    27
       Petrified         |       |    25 |   172 |   186 |    67 ||   450
       Petrifying        |       |     1 |     9 |    19 |     6 ||    35
Armor: Robe              |    12 |     6 |    49 |       |    14 ||    81
       Leather armour    |       |       |       |   113 |     9 ||   122
Dodge: Dodged            |    46 |    28 |   164 |   125 |    29 ||   392
Block: Buckler           |    12 |    15 |   110 |   135 |    40 ||   312

Table legend:
 A = Spawn XP
 B = Non-spawn XP
 C = Spawn XP percentage of total XP
 D = Spawn monster count
 E = Non-spawn monster count
 F = Spawn count percentage of total count
 G = Total turns spent on level
                    A         B        C        D         E        F      G
               +---------+---------+-------+---------+---------+-------+---------
         Total |       0 |   58202 |   0.0 |       0 |     454 |   0.0 | 21291
               +---------+---------+-------+---------+---------+-------+---------
           D:1 |       0 |      69 |   0.0 |       0 |      14 |   0.0 |  1453
           D:2 |       0 |     278 |   0.0 |       0 |      13 |   0.0 |   821
           D:3 |       0 |     202 |   0.0 |       0 |      28 |   0.0 |  1125
           D:4 |       0 |     412 |   0.0 |       0 |      16 |   0.0 |  1455
           D:5 |       0 |    1308 |   0.0 |       0 |      35 |   0.0 |  2442
           D:6 |       0 |    2896 |   0.0 |       0 |      38 |   0.0 |  2168
           D:7 |       0 |    1380 |   0.0 |       0 |      25 |   0.0 |  1381
           D:8 |       0 |    4736 |   0.0 |       0 |      35 |   0.0 |  1367
           D:9 |       0 |    2635 |   0.0 |       0 |      42 |   0.0 |  1243
          D:10 |       0 |    2675 |   0.0 |       0 |      45 |   0.0 |  1017
          D:11 |       0 |    7310 |   0.0 |       0 |      38 |   0.0 |  1587
          D:12 |       0 |    8153 |   0.0 |       0 |      42 |   0.0 |  1388
          D:13 |       0 |   11297 |   0.0 |       0 |      30 |   0.0 |  1791
          D:14 |       0 |   13917 |   0.0 |       0 |      34 |   0.0 |  1063
          D:15 |       0 |     753 |   0.0 |       0 |       3 |   0.0 |    37
       Ossuary |       0 |     181 |   0.0 |       0 |      16 |   0.0 |   953
               +---------+---------+-------+---------+---------+-------+---------
